 Dungeon Crawl Stone Soup version 0.28-a0-429-g1448048969 (webtiles) character file.

Game seed: 15838464932298823341

142 Gargoyl the Skirmisher (level 5, -5/47 HPs)
             Began as a Gnoll Abyssal Knight on Sept 10, 2021.
             Was a Believer of Lugonu.
             Killed by nerve-wracking pain
             ... invoked by an orc priest
              (10 damage)
             ... on level 3 of the Dungeon.
             The game lasted 00:02:59 (2412 turns).

Gargoyl the Skirmisher (Gnoll Abyssal Knight)       Turns: 2412, Time: 00:03:01

Health: -5/47      AC:  7    Str:  8      XL:     5   Next: 25%
Magic:  8/8        EV: 10    Int:  7 (10) God:    Lugonu [**....]
Gold:   117        SH:  0    Dex:  6 (7)  Spells: 6/6 levels left

rFire   . . .      SeeInvis .   a - +1 hand axe
rCold   . . .      Faith    .   (no shield)
rNeg    . . .      Spirit   .   g - +0 ring mail
rPois   .          Reflect  .   j - +0 helmet
rElec   .          Harm     .   (no cloak)
rCorr   .          Rampage  .   (no gloves)
Will    .....      Rnd*Rage +   (no boots) Stlth +.........Rnd*Tele +
                                b - amulet of Wuturaef {Regen+ Slay+2}
HPRegen 1.15/turn               (no ring)
MPRegen 0.11/turn               (no ring)

@: mighty
A: fangs 1, strong nose, distributed training, [berserk 2], [clumsy 2],
[deterioration 2], [dopey 1], [teleportitis 2], [weak 2], [no potion heal 2],
[subdued magic 1]
a: Renounce Religion, Depart the Abyss, Bend Space


You were on level 3 of the Dungeon.
You worshipped Lugonu.
Lugonu was pleased with you.
You visited 1 branch of the dungeon, and saw 3 of its levels.
You visited the Abyss 1 time.

You collected 117 gold pieces.

Inventory:

Hand Weapons
 a - a +1 hand axe (weapon)
Missiles
 l - 33 poisoned darts (quivered)
Armour
 g - a +0 ring mail (worn)
 j - a +0 helmet (worn)
Jewellery
 b - the amulet of Wuturaef (around neck) {Regen+ Slay+2}
   (You acquired it on level 1 of the Dungeon)

   [amulet of regeneration]

   Slay:      It affects your accuracy & damage with ranged weapons and melee
   (+2).
   Regen:     It increases your rate of health regeneration.
Scrolls
 d - 2 scrolls of identify {unknown}
 h - a scroll of silence {unknown}
 i - a scroll of blinking {unknown}
 k - a scroll of vulnerability {unknown}
 n - 2 scrolls of amnesia {unknown}
 o - a scroll of fog {unknown}
Potions
 c - a potion of berserk rage {unknown}
 e - 2 potions of might
 f - a potion of resistance {unknown}
 m - a potion of curing {unknown}


   Skills:
 + Level 6.7 Fighting
 + Level 1.4 Short Blades
 + Level 1.4 Long Blades
 + Level 4.7 Axes
 + Level 1.4 Maces & Flails
 + Level 1.4 Polearms
 + Level 1.4 Staves
 + Level 1.4 Slings
 + Level 1.4 Bows
 + Level 1.4 Crossbows
 + Level 1.4 Throwing
 + Level 4.7 Armour
 + Level 2.9 Dodging
 + Level 1.4 Stealth
 + Level 1.4 Shields
 + Level 1.4 Unarmed Combat
 + Level 1.4 Spellcasting
 + Level 1.1 Conjurations
 + Level 1.1 Hexes
 + Level 1.1 Summonings
 + Level 1.1 Necromancy
 + Level 1.1 Translocations
 + Level 1.1 Transmutations
 + Level 1.1 Fire Magic
 + Level 1.1 Ice Magic
 + Level 1.1 Air Magic
 + Level 1.1 Earth Magic
 + Level 1.1 Poison Magic
 + Level 4.8 Invocations
 + Level 1.4 Evocations


You had 6 spell levels left.
You didn't know any spells.
Your spell library contained the following spells:

 Spells                   Type           Power      Damage    Failure   Level
 Sandblast                Erth           2%         2d4       52%         1
 Passwall                 Tmut/Erth      0%         N/A       67%         2
 Stone Arrow              Conj/Erth      2%         3d7       89%         3


Dungeon Overview and Level Annotations

Branches:
Dungeon (3/15)

Altars:
Cheibriados
Qazlal


Innate Abilities, Weirdness & Mutations

You have very sharp teeth.
Your uncanny sense of smell can sniff out nearby items.
Your experience applies equally to all skills.
[You often lose your temper in combat.]
[You are very clumsy. (Dex -4)]
[Your body often deteriorates upon taking damage.]
[You are dopey. (Int -2)]
[You are sometimes teleported next to monsters.]
[You are very weak. (Str -4)]
[Potions cannot restore your health.]
[Your spells are a little easier to cast, but a little less powerful.]


Message History

The orc hits you but does no damage. The orc hits you with a +0 short sword.
The orc hits you with a +0 trident. The orc hits you but does no damage.
You barely miss the orc. You hit the orc but do no damage.
The orc hits you but does no damage. The orc hits you with a +0 short sword.
Unknown command.
You hit the orc priest.
The orc priest is moderately wounded.
You hit the orc. You hit the orc but do no damage.
The orc priest hits you with a +0 hand axe.
The orc completely misses you. x2
The orc priest mumbles some strange prayers to Beogh against you.
Pain shoots through your body!
Your body deteriorates!
You feel dopey.
You barely miss the orc priest.
The orc priest is moderately wounded.
You barely miss the orc. x2; The orc hits you with a +0 trident.
The orc barely misses you. The orc priest misses you.
Unknown command.
You hit the orc priest.
The orc priest is moderately wounded.
You hit the orc.
You kill the orc!
Lugonu accepts your kill.
You hit the orc but do no damage. The orc hits you with a +0 trident.
The orc priest hits you with a +0 hand axe.
Unknown command.
You hit the orc priest but do no damage.
The orc priest is moderately wounded.
You hit the orc. The orc hits you with a +0 trident!
The orc priest calls down the wrath of Beogh upon you.
Pain shoots through your body!
* * * LOW HITPOINT WARNING * * *
Your body deteriorates!
You feel dopey.
It was a potion of might.
You feel very mighty all of a sudden. The orc hits you with a +0 trident.
* * * LOW HITPOINT WARNING * * *
The orc priest calls down the wrath of Beogh upon you.
Pain shoots through your body!
You die...

.# #........#.#...# .##
###.##.#.#.....# ..#
#.##.#.#.#...## #.#
#.##.#.........
#.#######.##.#.#.....##
...............#...#.#
..#######.####.....#
..# #.# ##....#.## ..#
#.# #.@.....# .## ###
#)oo.....# .#
#...##.#.# ## #.... ..
# ##.... ## ######


You could see an orc priest and an orc.

Vanquished Creatures
  A quasit (Abyss:1)
  A small abomination (Abyss:1)
  An adder (D:2)
  2 worms
  A dart slug (D:1)
  4 orcs (D:3)
  5 endoplasms
  7 goblins
  4 hobgoblins
  4 jackals (D:1)
  7 kobolds
  6 quokkas
  5 ball pythons
  3 bats
  4 frilled lizards (D:1)
  5 rats
60 creatures vanquished.

Vanquished Creatures (others)
  10 plants (D:1)
10 creatures vanquished.

Grand Total: 70 creatures vanquished

Notes
Turn   | Place    | Note
-------+----------+-------------------------------------------
     0 | Abyss:1  | Gargoyl the Gnoll Abyssal Knight began the quest for the
                  | Orb.
     0 | Abyss:1  | Reached XP level 1. HP: 23/23 MP: 3/3
    44 | Abyss:1  | Noticed a small abomination
    56 | Abyss:1  | Found an ornate altar of the Wu Jian Council.
    59 | Abyss:1  | Noticed a quasit
    68 | Abyss:1  | Noticed a raiju
    68 | Abyss:1  | Noticed a wretched star
    92 | Abyss:1  | Noticed a small abomination
   112 | Abyss:1  | Noticed a worldbinder
   113 | Abyss:1  | Killed a quasit
   113 | Abyss:1  | Killed a small abomination
   114 | Abyss:1  | Reached skill level 1 in Short Blades
   114 | Abyss:1  | Reached skill level 1 in Long Blades
   114 | Abyss:1  | Reached skill level 1 in Maces & Flails
   114 | Abyss:1  | Reached skill level 1 in Polearms
   114 | Abyss:1  | Reached skill level 1 in Staves
   114 | Abyss:1  | Reached skill level 1 in Slings
   114 | Abyss:1  | Reached skill level 1 in Bows
   114 | Abyss:1  | Reached skill level 1 in Crossbows
   114 | Abyss:1  | Reached skill level 1 in Throwing
   114 | Abyss:1  | Reached skill level 1 in Stealth
   114 | Abyss:1  | Reached skill level 1 in Shields
   114 | Abyss:1  | Reached skill level 1 in Unarmed Combat
   114 | Abyss:1  | Reached skill level 1 in Spellcasting
   114 | Abyss:1  | Reached skill level 1 in Evocations
   114 | Abyss:1  | Reached XP level 2. HP: 11/29 MP: 5/5
   114 | Abyss:1  | Reached XP level 3. HP: 13/35 MP: 6/6
   114 | Abyss:1  | Reached XP level 4. HP: 16/41 MP: 7/7
   114 | D:1      | Escaped the Abyss
   305 | D:1      | Reached * piety under Lugonu
   939 | D:1      | Identified a scroll of acquirement
   939 | D:1      | Acquired the amulet of Wuturaef {Regen+ Slay+2}
  1073 | D:1      | Found a faded altar of an unknown god.
  1381 | D:1      | Reached skill level 1 in Conjurations
  1381 | D:1      | Reached skill level 1 in Hexes
  1381 | D:1      | Reached skill level 1 in Summonings
  1381 | D:1      | Reached skill level 1 in Necromancy
  1381 | D:1      | Reached skill level 1 in Translocations
  1381 | D:1      | Reached skill level 1 in Transmutations
  1381 | D:1      | Reached skill level 1 in Fire Magic
  1381 | D:1      | Reached skill level 1 in Ice Magic
  1381 | D:1      | Reached skill level 1 in Air Magic
  1381 | D:1      | Reached skill level 1 in Earth Magic
  1381 | D:1      | Reached skill level 1 in Poison Magic
  1517 | D:2      | Reached ** piety under Lugonu
  1683 | D:2      | Found a snail-covered altar of Cheibriados.
  1796 | D:2      | Reached XP level 5. HP: 47/47 MP: 8/8
  2094 | D:3      | Found a stormy altar of Qazlal.
  2412 | D:3      | Killed from afar by an orc priest

Illustrated notes

Levels and vault maps discovered:
D:1:      roderic_crossed_star, layout_basic, ebering_ecumenical_altar_box,
          lexackson_kobold_supper
D:2:      layout_loops_ring, basic_altar
D:3:      layout_basic, mainiacjoe_overflow_chevrons

Skill      XL: |  1  2  3  4 |
---------------+-------------+-----
Short Blades   | 1 |  1.4
Long Blades    | 1 |  1.4
Maces & Flails | 1 |  1.4
Polearms       | 1 |  1.4
Staves         | 1 |  1.4
Slings         | 1 |  1.4
Bows           | 1 |  1.4
Crossbows      | 1 |  1.4
Throwing       | 1 |  1.4
Stealth        | 1 |  1.4
Shields        | 1 |  1.4
Unarmed Combat | 1 |  1.4
Spellcasting   | 1 |  1.4
Evocations     | 1 |  1.4
Conjurations   | 1 |  1.1
Hexes          | 1 |  1.1
Summonings     | 1 |  1.1
Necromancy     | 1 |  1.1
Translocations | 1 |  1.1
Transmutations | 1 |  1.1
Fire Magic     | 1 |  1.1
Ice Magic      | 1 |  1.1
Air Magic      | 1 |  1.1
Earth Magic    | 1 |  1.1
Poison Magic   | 1 |  1.1
Fighting       | |  6.7
Axes           | |  4.7
Armour         | |  4.7
Dodging        | |  2.9
Invocations    | |  4.8

Action                   |  1- 3 |  4- 6 || total
-------------------------+-------+-------++-------
Melee: Hand axe          |       |   162 ||   162
       Bite              |       |     4 ||     4
Invok: Depart the Abyss  |       |     1 ||     1
  Use: Scroll            |     2 |     2 ||     4
       Potion            |       |     1 ||     1
Armor: Leather armour    |     9 |    15 ||    24
       Ring mail         |       |    38 ||    38
Dodge: Dodged            |    26 |    98 ||   124

Table legend: (Time is in decaauts)
 A = Elapsed time spent in this place.
 B = Non-inter-level travel time spent in this place.
 C = Inter-level travel time spent in this place.
 D = Time resting spent in this place.
 E = Time spent auto-exploring this place.
 F = Levels seen in this place.
 G = Mean time per level.
                   A        B        C        D        E       F      G
               +--------+--------+--------+--------+--------+-----+--------+
         Total |   2472 |   2412 |     60 |      0 |   1843 |   4 |  618.0 |
       Dungeon |   2358 |   2298 |     60 |      0 |   1799 |   3 |  786.0 |
         Abyss |    114 |    114 |      0 |      0 |     44 |   1 |  114.0 |
               +--------+--------+--------+--------+--------+-----+--------+

Top non-repeatable levels by time:
     D:1: 1356 daAuts
     D:2: 668 daAuts
     D:3: 334 daAuts
 Abyss:1: 114 daAuts
